 Dungeon Crawl Stone Soup version 0.31-a0-268-g4392ee761c (webtiles) character file.

Game seed: 14965826993960577473

71 qw the Shooter (level 4, 0/36 HPs)
             Began as a Minotaur Hexslinger on July 14, 2023.
             Slain by a frilled lizard (1 damage)
             ... on level 2 of the Dungeon.
             The game lasted 00:00:22 (779 turns).

qw the Shooter (Minotaur Hexslinger)                 Turns: 779, Time: 00:00:22

Health: 0/36       AC:  3    Str: 12    XL:     4   Next: 5%
Magic:  4/4        EV: 12    Int: 10    God:
Gold:   39         SH:  0    Dex: 15    Spells: 4/5 levels left

rFire   . . .        Y - +1 sling
rCold   . . .        (no shield)
rNeg    . . .        d - +0 leather armour
rPois   .            (helmet restricted)
rElec   .            (no cloak)
rCorr   .            (no gloves)
SInv    .            (no boots)
Will    .....        (no amulet)
Stlth   +            (no ring)
HPRegen 0.26/turn    (no ring)
MPRegen 0.09/turn

%: no passive effects
@: lethally poisoned (0 -> -5)
A: horns 2, retaliatory headbutt
a: no special abilities


You were on level 2 of the Dungeon.
You visited 1 branch of the dungeon, and saw 2 of its levels.

You collected 39 gold pieces.


Innate Abilities, Weirdness & Mutations

You have a pair of horns on your head.
You reflexively headbutt those who attack you in melee.


   Skills:
 - Level 2.0 Fighting
 + Level 4.5 Ranged Weapons
 - Level 2.1 Dodging
 - Level 1.0 Spellcasting
 - Level 2.0 Hexes


You had 4 spell levels left.
You knew the following spells:

 Your Spells              Type           Power      Damage    Failure   Level
a - Slow                  Hex            16%        N/A       19%         1

Your spell library contained the following spells:

 Spells                   Type           Power      Damage    Failure   Level
 Inner Flame              Hex/Fire       2%         N/A       65%         3
 Portal Projectile        Hex/Tloc       4%         N/A       65%         3
 Cause Fear               Hex            2%         N/A       88%         4

Inventory:

Hand Weapons
 Y - a +1 sling (weapon)
Armour
 a - a +0 ring mail
 d - a +0 leather armour (worn)
Scrolls
 b - a scroll of identify {unknown}
Potions
 e - a potion of heal wounds {unknown}
 g - a potion of might {unknown}

Dungeon Overview and Level Annotations

Branches:
Dungeon (2/15)

Altars:


Message History

The adder is moderately wounded.
The adder closely misses you. x2
You shoot a sling bullet. The sling bullet hits the adder!
The adder is almost dead.
The adder bites you.
You shoot a sling bullet.
The sling bullet closely misses the adder.
The adder bites you. The frilled lizard barely misses you.
The adder closely misses you.
The frilled lizard bites you but does no damage.
You shoot a sling bullet.
The sling bullet closely misses the adder.
The adder bites you but does no damage. The frilled lizard barely misses you.
You shoot a sling bullet.
The sling bullet hits the adder but does no damage.
The adder is almost dead.
The adder bites you.
You are poisoned.
The adder poisons you!
The frilled lizard bites you but does no damage.
The adder bites you.
You are lethally poisoned!
The adder poisons you!
You shoot a sling bullet.
The sling bullet barely misses the adder.
You feel very sick. The adder closely misses you.
The frilled lizard closely misses you.
You shoot a sling bullet.
The sling bullet closely misses the adder.
You feel very sick. The adder bites you but does no damage.
The frilled lizard misses you. The adder barely misses you.
You furiously retaliate!
You headbutt the adder!
You kill the adder!
You have reached level 4!
You feel agile.
You shoot a sling bullet.
The sling bullet barely misses the frilled lizard.
You feel sick.
The frilled lizard bites you but does no damage.
The frilled lizard bites you.
You die...

..#.# #.# # ..#.#
#####.# .# ..#.#
#.....##.###
....######.##........
..<..................
..########.##..##.###
### #.##..# .#
#.##..##%####.. ##
#.##...@l)..... .#
#.##..##.#..... .##
#.##..# .# ... ..##
......# .# . ...## .
.....# .#
.#..##.........# .#
..............## .#
.............. .#
........


You could see a frilled lizard.

Vanquished Creatures
  3 gnolls (D:2)
  An adder (D:2)
  An orc (D:2)
  2 ball pythons
  2 endoplasms (D:1)
  4 giant cockroaches (D:1)
  3 goblins (D:1)
  4 hobgoblins
  A quokka (D:1)
  2 bats (D:1)
  2 frilled lizards (D:2)
  2 kobolds (D:1)
  4 rats
31 creatures vanquished.

Notes
Turn   | Place    | Note
-------+----------+-------------------------------------------
     0 | D:1      | qw the Minotaur Hexslinger began the quest for the Orb.
     0 | D:1      | Reached XP level 1. HP: 16/16 MP: 1/1
     0 | D:1      | 0 ||| qw: Version: 0.3-a-52-g30416fa
     0 | D:1      | 0 ||| qw: Game counter: 7939
     0 | D:1      | 0 ||| qw: Melee chars always use a shield: true
     0 | D:1      | 0 ||| qw: God list: Okawaru
     0 | D:1      | 0 ||| qw: Allow faded altars: false
     0 | D:1      | 0 ||| qw: Do Orc after clearing Dungeon:15 true
     0 | D:1      | 0 ||| qw: Do second Lair branch before Depths: true
     0 | D:1      | 0 ||| qw: Lair rune preference: random
     0 | D:1      | 0 ||| qw: Goals: Normal
     0 | D:1      | 0 ||| PLANNING D:1-11
   133 | D:1      | Reached skill level 3 in Ranged Weapons
   133 | D:1      | Reached XP level 2. HP: 23/23 MP: 2/2
   573 | D:1      | 573 ||| UPGRADING to +0 leather armour.
   583 | D:1      | 583 ||| DROPPING +0 robe.
   584 | D:1      | 584 ||| READING scroll labelled IDDOUDOS JIEXE.
   585 | D:1      | 585 ||| READING scroll labelled ELEUFE BOTIS.
   588 | D:1      | 588 ||| DROPPING scroll of poison.
   691 | D:2      | Reached XP level 3. HP: 21/29 MP: 3/3
   768 | D:2      | Reached skill level 4 in Ranged Weapons
   777 | D:2      | HP: 5/29 [poisoned by an adder]
   778 | D:2      | HP: 2/29 [poisoned by an adder]
   779 | D:2      | Reached XP level 4. HP: 2/36 MP: 4/4
   779 | D:2      | Slain by a frilled lizard

Levels and vault maps discovered:
D:1:      minmay_arrival_wavy_path, layout_basic
D:2:      minmay_evil_eye, layout_basic, kennysheep_generic_room_10

Skill      XL: |  1  2  3 |
---------------+----------+-----
Ranged Weapons | 3 4 |  4.5
Fighting       | 2 |  2.0
Dodging        | |  2.1
Spellcasting   | |  1.0
Hexes          | |  2.0

Action                     |  1- 3 |  4- 6 || total
---------------------------+-------+-------++-------
   Fire: Sling             |    93 |     1 ||    94
    Use: Scroll            |     2 |       ||     2
 Armour: Robe              |     2 |       ||     2
         Leather armour    |     5 |     1 ||     6
  Dodge: Dodged            |    42 |       ||    42

Table legend:
 A = Non-vault XP
 B = Vault XP
 C = Vault XP percentage of total XP
 D = Non-vault monster count
 E = Vault monster count
 F = Vault count percentage of total count
                 A         B        C        D         E       F
            +---------+---------+-------+---------+---------+-------
      Total |      97 |       5 |   4.9 |      28 |       3 |   9.7
            +---------+---------+-------+---------+---------+-------
        D:1 |      30 |       0 |   0.0 |      18 |       0 |   0.0
        D:2 |      67 |       5 |   6.9 |      10 |       3 |  23.1
            +---------+---------+-------+---------+---------+-------
